Workbook

Sheet How to use
B1: Rent Roll
B2: A free rent roll spreadsheet: track rent collected, outstanding, occupancy, and lease ends across units with income totals, in Sheets and Excel.
B4: Quick start
A5: 1 | B5: Open the Rent roll tab and replace the sample rows with your own — one row per entry. Formulas fill in automatically for new rows.
A6: 2 | B6: Keep one row per unit, vacant ones included. Record what each tenant paid this month; Balance turns red for anyone short.
A7: 3 | B7: Days to lease end goes amber inside 60 days so you can start renewals; the Portfolio tab shows occupancy and collections.
A8: 4 | B8: Keep a backup copy before restructuring columns; renaming a header is safe, deleting a column used in formulas is not.
B10: Colour key
B11: Yellow cells: type your numbers here.
B12: Grey cells: calculated automatically. Leave them alone.
B13: Red highlight: overdue or below a limit. Needs attention.
B14: Amber highlight: getting close. Check soon.
B16: Sample rows are examples. Overwrite or delete them. Formulas extend to new rows automatically. Works in Excel and Google Sheets (File → Import).

Sheet Rent roll
A1: Unit | B1: Tenant | C1: Status | D1: Monthly rent | E1: Paid this month | F1: Deposit held | G1: Lease end | H1: Balance | I1: Days to lease end
A2: 101 | B2: Garcia | C2: Occupied | D2: 1450 | E2: 1450 | F2: 1450 | G2: 46518 | H2: =IF($A2="","",IF((C2="Vacant"),0,(D2-E2))) -> 0 | I2: =IF($A2="","",IF((G2=""),"",(G2-TODAY()))) -> 211
A3: 102 | B3: Wright | C3: Notice | D3: 1395 | E3: 1395 | F3: 1395 | G3: 46329 | H3: =IF($A3="","",IF((C3="Vacant"),0,(D3-E3))) -> 0 | I3: =IF($A3="","",IF((G3=""),"",(G3-TODAY()))) -> 22
A4: 103 | C4: Vacant | D4: 1425 | E4: 0 | F4: 0 | H4: =IF($A4="","",IF((C4="Vacant"),0,(D4-E4))) -> 0 | I4: =IF($A4="","",IF((G4=""),"",(G4-TODAY())))
A5: 201 | B5: Holm | C5: Occupied | D5: 1150 | E5: 900 | F5: 1150 | G5: 46353 | H5: =IF($A5="","",IF((C5="Vacant"),0,(D5-E5))) -> 250 | I5: =IF($A5="","",IF((G5=""),"",(G5-TODAY()))) -> 46
A6: 202 | B6: Adeyemi | C6: Occupied | D6: 1475 | E6: 1475 | F6: 1475 | G6: 46428 | H6: =IF($A6="","",IF((C6="Vacant"),0,(D6-E6))) -> 0 | I6: =IF($A6="","",IF((G6=""),"",(G6-TODAY()))) -> 121
A7: 203 | B7: Price | C7: Occupied | D7: 1495 | E7: 0 | F7: 1495 | G7: 46608 | H7: =IF($A7="","",IF((C7="Vacant"),0,(D7-E7))) -> 1495 | I7: =IF($A7="","",IF((G7=""),"",(G7-TODAY()))) -> 301
H8: =IF($A8="","",IF((C8="Vacant"),0,(D8-E8))) | I8: =IF($A8="","",IF((G8=""),"",(G8-TODAY())))
H9: =IF($A9="","",IF((C9="Vacant"),0,(D9-E9))) | I9: =IF($A9="","",IF((G9=""),"",(G9-TODAY())))
H10: =IF($A10="","",IF((C10="Vacant"),0,(D10-E10))) | I10: =IF($A10="","",IF((G10=""),"",(G10-TODAY())))
H11: =IF($A11="","",IF((C11="Vacant"),0,(D11-E11))) | I11: =IF($A11="","",IF((G11=""),"",(G11-TODAY())))
H12: =IF($A12="","",IF((C12="Vacant"),0,(D12-E12))) | I12: =IF($A12="","",IF((G12=""),"",(G12-TODAY())))
H13: =IF($A13="","",IF((C13="Vacant"),0,(D13-E13))) | I13: =IF($A13="","",IF((G13=""),"",(G13-TODAY())))
H14: =IF($A14="","",IF((C14="Vacant"),0,(D14-E14))) | I14: =IF($A14="","",IF((G14=""),"",(G14-TODAY())))
H15: =IF($A15="","",IF((C15="Vacant"),0,(D15-E15))) | I15: =IF($A15="","",IF((G15=""),"",(G15-TODAY())))
H16: =IF($A16="","",IF((C16="Vacant"),0,(D16-E16))) | I16: =IF($A16="","",IF((G16=""),"",(G16-TODAY())))
H17: =IF($A17="","",IF((C17="Vacant"),0,(D17-E17))) | I17: =IF($A17="","",IF((G17=""),"",(G17-TODAY())))
H18: =IF($A18="","",IF((C18="Vacant"),0,(D18-E18))) | I18: =IF($A18="","",IF((G18=""),"",(G18-TODAY())))
H19: =IF($A19="","",IF((C19="Vacant"),0,(D19-E19))) | I19: =IF($A19="","",IF((G19=""),"",(G19-TODAY())))
... H201: =IF($A201="","",IF((C201="Vacant"),0,(D201-E201))) | I201: =IF($A201="","",IF((G201=""),"",(G201-TODAY())))

Sheet Portfolio
A1: Item | B1: Value | C1: Notes
A2: Units | B2: =COUNTA('Rent roll'!$A$2:$A$201) -> 6
A3: Occupancy | B3: =IFERROR(((COUNTIF('Rent roll'!$C$2:$C$201,"Occupied")+COUNTIF('Rent roll'!$C$2:$C$201,"Notice"))/'Portfolio'!$B$2),0) -> 0.83333333
A4: Potential monthly rent | B4: =SUM('Rent roll'!$D$2:$D$201) -> 8390
A5: Collected this month | B5: =SUM('Rent roll'!$E$2:$E$201) -> 5220
A6: Outstanding | B6: =SUMIFS('Rent roll'!$H$2:$H$201,'Rent roll'!$H$2:$H$201,">0") -> 1745
A7: Deposits held | B7: =SUM('Rent roll'!$F$2:$F$201) -> 6965
